 Dungeon Crawl Stone Soup version 0.31-a0-246-g8cbcc1cb85 (webtiles) character file.

Game seed: 17152753120866236745

394 garrulousMonolith the Changeling (level 6, 0/51 HPs)
             Began as a Draconian Shapeshifter on July 13, 2023.
             Slain by a killer bee (3 damage)
             ... on level 4 of the Dungeon.
             The game lasted 00:02:53 (3559 turns).

garrulousMonolith the Changeling (DrSh)             Turns: 3559, Time: 00:02:53

Health: 0/51       AC:  6    Str: 19    XL:     6   Next: 51%
Magic:  6/6        EV: 17    Int:  8    God:
Gold:   193        SH:  0    Dex: 12    Spells: 5/5 levels left

rFire   . .          .
                       - Unarmed
rCold   . . .        (no shield)
rNeg    . . .        (body armour unavailable)
rPois   .            (helmet currently unavailable)
rElec   .            (cloak currently unavailable)
rCorr   .            (gloves currently unavailable)
SInv    .            (boots currently unavailable)
Will    .....        (no amulet)
Stlth   +            p - +5 ring of evasion
HPRegen 0.28/turn    (no ring)
MPRegen 0.10/turn

%: no passive effects
@: lethally poisoned (0 -> -10), beast-form, hasted, very quick
A: beast (slay +3), AC +6, unfitting armour, cold-blooded
a: no special abilities


You were on level 4 of the Dungeon.
You were a hulking beast.
You visited 1 branch of the dungeon, and saw 4 of its levels.

You collected 193 gold pieces.

Inventory:

Hand Weapons
 c - a +1 dagger of draining
Missiles
 o - 2 curare-tipped darts
Armour
 u - a +0 cloak
Jewellery
 p - a +5 ring of evasion (left hand)
 r - an amulet of magic regeneration
Talismans
 b - a beast talisman
Wands
 s - a wand of quicksilver (11)
Scrolls
 d - a scroll of poison {unknown}
 f - a scroll of fear {unknown}
 g - a scroll of silence {unknown}
 i - 5 scrolls of identify {unknown}
 j - 2 scrolls of teleportation {unknown}
 k - a scroll of fog {unknown}
 l - a scroll of blinking {unknown}
 m - 2 scrolls of vulnerability {unknown}
 v - a scroll of immolation {unknown}
Potions
 a - a potion of lignification
 e - a potion of heal wounds {unknown}
 h - a potion of enlightenment {unknown}
 n - 2 potions of magic {unknown}
 q - a potion of curing {unknown}
 t - a potion of haste


   Skills:
 + Level 3.5 Fighting
 + Level 2.9 Dodging
 * Level 4.3 Unarmed Combat
 * Level 4.4 Shapeshifting


You had 5 spell levels left.
You didn't know any spells.
Your spell library was empty.

Dungeon Overview and Level Annotations

Branches:
Dungeon (4/15)
 Temple: D:4-7

Altars:
Gozag


Innate Abilities, Weirdness & Mutations

You are a hulking beast.
Your limbs bulge with bestial killing power. (Slay +3)
Your plain brown scales are hard. (AC +6)
You cannot fit into any form of body armour.
You are cold-blooded and may be slowed by cold attacks.


Message History

You are too injured to fight recklessly!
You are too injured to fight recklessly!
You are too injured to fight recklessly!
You are too injured to fight recklessly!
You are too injured to fight recklessly!
The killer bee attacks as you move away!
The killer bee stings you.
You are more poisoned.
The killer bee poisons you!
You feel extremely sick. The killer bee closely misses you.
The killer bee stings you but does no damage.
The killer bee barely misses you.
The killer bee attacks as you move away!
The killer bee barely misses you.
The killer bee attacks as you move away!
The killer bee closely misses you.
You feel very sick.
The killer bee buzzes angrily.
You feel very sick.
You barely miss the killer bee.
* * * LOW HITPOINT WARNING * * *
You feel very sick. The killer bee closely misses you.
You punch the killer bee!
Your tail-slap misses the killer bee.
The killer bee is heavily wounded.
* * * LOW HITPOINT WARNING * * *
You feel very sick.
The killer bee stings you but does no damage. x2
You closely miss the killer bee.
The killer bee is heavily wounded.
You feel sick. The killer bee stings you.
* * * LOW HITPOINT WARNING * * *
You are more poisoned.
The killer bee poisons you! The killer bee barely misses you.
It was a potion of haste.
You feel yourself speed up.
* * * LOW HITPOINT WARNING * * *
You feel very sick. The killer bee completely misses you.
The killer bee stings you.
You die...

.... .... #..# ....
##..## ..... ##....##
..... #......#
......#..y...#..
....##....##.......
....#^##..##.#.....##
...#.#h#..#.#.#.....###
...##.#yy..#.# .......#
..#.##.y....##.#......#
#.#..........#.#.....#
.##............##....#
#................#.#+##
.......................#
##.....................#
#.....................+


You could see 3 killer bees.

Vanquished Creatures
  A phantom (D:4)
  A bullfrog (D:3)
  Crazy Yiuf (D:3)
  An orc priest (D:4)
  A hound (D:4)
  Ijyb (D:3)
  Robin (D:3)
  2 adders (D:3)
  4 gnolls
  2 dart slugs (D:4)
  5 orcs (D:4)
  9 ball pythons
  4 bats (D:1)
  7 endoplasms
  2 giant cockroaches (D:4)
  6 hobgoblins
  2 jackals (D:2)
  3 quokkas
  2 frilled lizards (D:2)
  8 goblins
  5 kobolds
  9 rats
77 creatures vanquished.

Notes
Turn   | Place    | Note
-------+----------+-------------------------------------------
     0 | D:1      | garrulousMonolith the Draconian Shapeshifter began the
                  | quest for the Orb.
     0 | D:1      | Reached XP level 1. HP: 17/17 MP: 1/1
   102 | D:1      | Reached XP level 2. HP: 24/24 MP: 2/2
   346 | D:1      | Reached XP level 3. HP: 25/30 MP: 3/3
  1417 | D:2      | Found a faded altar of an unknown god.
  1612 | D:2      | Reached XP level 4. HP: 3/37 MP: 4/4
  2168 | D:3      | Noticed a bullfrog
  2177 | D:3      | Killed a bullfrog
  2178 | D:3      | Reached XP level 5. HP: 28/45 MP: 5/5
  2311 | D:3      | You fall into a shaft and drop 1 floor!
  2396 | D:3      | Found a runed translucent door.
  2397 | D:3      | Noticed Crazy Yiuf
  2691 | D:3      | Noticed Ijyb
  2706 | D:3      | Killed Ijyb
  2828 | D:3      | Noticed Robin
  2840 | D:3      | Killed Robin
  2987 | D:3      | Killed Crazy Yiuf
  3186 | D:4      | Reached XP level 6. HP: 16/51 MP: 6/6
  3472 | D:4      | Found an opulent altar of Gozag.
  3559 | D:4      | Slain by a killer bee

Illustrated notes

Levels and vault maps discovered:
D:1:      wander_arrival_desolate, layout_basic, serial_rivers,
          chequers_serial_rivers_micro_d, chequers_serial_rivers_large_b,
          chequers_serial_rivers_room_a, chequers_serial_rivers_large_a,
          chequers_serial_rivers_room_a
D:2:      layout_basic, chequers_ecumenical_altar_twisty
D:3:      layout_loops_ring, kennysheep_pointless_box, uniq_crazy_yiuf_cottage,
          uniq_ijyb, uniq_robin
D:4:      layout_gridville, grunt_gozag_breadcrumbs,
          minmay_misc_feat_secret_circle, uniq_pikel

Skill      XL: |  1  2  3  4  5 |
---------------+----------------+-----
Dodging        | 2 |  2.9
Unarmed Combat | 3 4 |  4.3
Fighting       | 3 |  3.5
Shapeshifting  | 4 |  4.4

Action                     |  1- 3 |  4- 6 || total
---------------------------+-------+-------++-------
  Melee: Unarmed           |    81 |   110 ||   191
         Tailslap          |    15 |    17 ||    32
         Punch             |       |     2 ||     2
    Use: Potion            |       |     1 ||     1
   Stab: Sleeping          |     1 |     1 ||     2
 Armour: Skin              |    23 |    19 ||    42
  Dodge: Dodged            |    46 |    83 ||   129
         Form:             |     1 |       ||     1
         Beast             |     1 |       ||     1

Table legend: (Time is in decaauts)
 A = Elapsed time spent in this place.
 B = Non-inter-level travel time spent in this place.
 C = Inter-level travel time spent in this place.
 D = Time resting spent in this place.
 E = Time spent auto-exploring this place.
 F = Levels seen in this place.
 G = Mean time per level.
                   A        B        C        D        E       F      G
               +--------+--------+--------+--------+--------+-----+--------+
         Total |   3587 |   3514 |     73 |    542 |   2518 |   4 |  896.8 |
       Dungeon |   3587 |   3514 |     73 |    542 |   2518 |   4 |  896.8 |
               +--------+--------+--------+--------+--------+-----+--------+

Top non-repeatable levels by time:
     D:2: 1175 daAuts
     D:3: 1102 daAuts
     D:1: 862 daAuts
     D:4: 447 daAuts
